[Event "Titled Tuesday Blitz July 18 Late 2023"]
[White "Lorenzo De La Riva, Lazaro"]
[Black "Garmendiarov"]
[WhiteFideId "2268809"]
[WhiteElo "2487"]
[BlackElo "2298"]
[Result "0-1"]
[Round "2"]
[TimeControl "180+2"]
[Date "2023.07.18"]
[WhiteClock "0:00:30"]
[BlackClock "0:00:12"]
[Board "150"]

1. e4 c5 2. Nf3 d6 3. d4 cxd4 4. Nxd4 Nf6 5. Nc3 a6 6. h4 e5 7. Nb3 Be7 8. Bg5 Be6 9. g3 Nbd7 10. Bg2 Rc8 11. Qd2 b5 12. O-O h6 13. Bxf6 Nxf6 14. Rad1 O-O 15. f4 Qb6+ 16. Kh1 Ng4 17. f5 Bxb3 18. axb3 Ne3 19. Nd5 Nxd5 20. exd5 Bf6 21. Be4 Qd4 22. Qxd4 exd4 23. Kh2 Rfe8 24. Bd3 Re5 25. Kh3 Rxd5 26. g4 Re5 27. Rf3 Re3 28. Rxe3 dxe3 29. Rf1 Bxb2 30. Re1 Re8 31. Kg3 Bc3 32. Re2 Bd2 33. Kf3 d5 34. g5 hxg5 35. hxg5 d4 36. Rh2 Rb8 37. f6 g6 38. Ke4 Bc3 39. Kd5 a5 40. Kd6 a4 41. Kc7 Ra8 42. Kb7 Ra5 43. Kb6 a3 44. Rh1 a2 45. b4 a1=Q 46. Rxa1 Rxa1 47. Kxb5 Rb1 48. Kc4 Rxb4+ 49. Kd5 Rb1 50. Ke4 Re1 51. Kd5 e2 52. Kc4 Kf8 53. Kd5 Ke8 54. Kc6 Kd8 55. Kd5 Kd7 56. Kc4 Ke6 57. Kb5 Ke5 58. Kc4 Kf4 59. Kb5 Ke3 60. Kc4 Kf2 61. Be4 Rd1 62. Bd5 e1=Q 63. Be6 Qe2+ 64. Kc5 Qxe6 65. Kb5 Qd5+ 66. Ka4 Ra1# 0-1


[Site "https://www.chess.com"]

[Event "Titled Tuesday Blitz July 18 Late 2023"]
[White "Fernandez Siles, Luis"]
[Black "Tomaszewski, Kacper"]
[WhiteFideId "2209420"]
[BlackFideId "1127373"]
[WhiteElo "2294"]
[BlackElo "2484"]
[Result "1-0"]
[Round "2"]
[TimeControl "180+2"]
[Date "2023.07.18"]
[WhiteClock "0:00:17"]
[BlackClock "0:00:04"]
[Board "151"]

1. e4 e5 2. Nf3 Nc6 3. Bb5 Nf6 4. d3 Ne7 5. O-O c6 6. Ba4 Ng6 7. c3 Be7 8. Re1 O-O 9. d4 d6 10. Nbd2 Qc7 11. Nf1 b5 12. Bb3 a6 13. Ng3 c5 14. h3 c4 15. Bc2 Rd8 16. d5 Bf8 17. Nh2 Nf4 18. Qf3 g5 19. Ng4 Nxg4 20. hxg4 a5 21. Nf5 h6 22. g3 Ng6 23. Kg2 Bxf5 24. gxf5 Nh8 25. f6 Rd7 26. Rh1 Qd8 27. Bxg5 hxg5 28. Qh5 Bh6 29. Qxh6 1-0


[Site "https://www.chess.com"]

[Event "Titled Tuesday Blitz July 18 Late 2023"]
[White "CatLivesMatter"]
[Black "Kaganskiy, Gleb"]
[BlackFideId "4132025"]
[WhiteElo "2483"]
[BlackElo "2291"]
[Result "1-0"]
[Round "2"]
[TimeControl "180+2"]
[Date "2023.07.18"]
[WhiteClock "0:02:52"]
[BlackClock "0:02:25"]
[Board "152"]

1. e4 c6 2. d4 d5 3. f3 dxe4 4. fxe4 e5 5. Nf3 Bg4 6. Bc4 Nd7 7. O-O Bd6 8. c3 b5 9. Bxf7+ Kxf7 10. Nxe5+ Ke8 11. Qxg4 Nxe5 12. dxe5 Bxe5 13. Qe6+ Qe7 14. Qxc6+ 1-0


[Site "https://www.chess.com"]

[Event "Titled Tuesday Blitz July 18 Late 2023"]
[White "Der_Balak_3Halak"]
[Black "Vujacic, Igor"]
[BlackFideId "932620"]
[WhiteElo "2483"]
[BlackElo "2288"]
[Result "0-1"]
[Round "2"]
[TimeControl "180+2"]
[Date "2023.07.18"]
[WhiteClock "0:00:00"]
[BlackClock "0:00:01"]
[Board "153"]

1. d4 d5 2. Bf4 e6 3. Nf3 c5 4. e3 Nc6 5. c3 Bd6 6. Bxd6 Qxd6 7. Nbd2 Nf6 8. Bd3 O-O 9. O-O e5 10. dxc5 Qxc5 11. e4 Bg4 12. h3 Bh5 13. Re1 Rad8 14. Qc2 d4 15. cxd4 Qxc2 16. Bxc2 Bxf3 17. Nxf3 Nxd4 18. Bd1 Nxf3+ 19. Bxf3 Rd2 20. b3 Rc8 21. Rac1 Rcc2 22. Rxc2 Rxc2 23. a4 Kf8 24. Bd1 Rd2 25. f3 Nh5 26. Be2 Nf4 27. Bf1 Rb2 28. g3 Nh5 29. g4 Nf4 30. Rc1 Rxb3 31. Rc8+ Ke7 32. Rc7+ Kf6 33. Rxf7+ Kxf7 34. Bc4+ Ke7 35. Bxb3 Nxh3+ 36. Kf1 Nf4 37. g5 h6 38. gxh6 gxh6 39. Kf2 Kd6 40. Kg3 Kc5 41. Kg4 b6 42. Kf5 Kd4 43. Bf7 a6 44. Be8 h5 45. Kg5 Ke3 46. Kf5 Nd3 47. Bf7 b5 48. axb5 axb5 49. Bxh5 Kd4 50. Bf7 Nb4 51. Bd5 Nd3 52. Ke6 b4 53. Kd6 Nc5 54. Bf7 b3 55. Bxb3 Nxb3 56. f4 exf4 57. e5 f3 58. e6 f2 59. e7 f1=Q 60. e8=Q Qa6+ 61. Qc6 Qa3+ 62. Kd7 Nc5+ 63. Kc8 Qh3+ 64. Kb8 Qg3+ 0-1


[Site "https://www.chess.com"]

[Event "Titled Tuesday Blitz July 18 Late 2023"]
[White "Spichkin, Alexander"]
[Black "Korkmaz, Necmettin"]
[WhiteFideId "4144074"]
[BlackFideId "6303285"]
[WhiteElo "2286"]
[BlackElo "2482"]
[Result "1-0"]
[Round "2"]
[TimeControl "180+2"]
[Date "2023.07.18"]
[WhiteClock "0:01:29"]
[BlackClock "0:01:30"]
[Board "154"]

1. f4 d5 2. Nf3 Nf6 3. e3 c5 4. b3 Nc6 5. Bb2 Bg4 6. Bb5 Rc8 7. h3 Bxf3 8. Qxf3 e6 9. O-O Be7 10. Qg3 O-O 11. Bxc6 Rxc6 12. d3 b5 13. Nd2 c4 14. Nf3 cxd3 15. Nd4 Rxc2 16. Nxc2 dxc2 17. Bxf6 Bxf6 18. Rac1 d4 19. Rxc2 d3 20. Rd2 Bc3 21. Rdd1 d2 22. Kh1 b4 23. e4 Qd4 24. Qf3 Rd8 25. f5 exf5 26. Qxf5 f6 27. Qe6+ Kh8 28. Rf5 Qd3 29. Rd5 h6 30. Rxd3 Rxd3 31. e5 Re3 32. Qc8+ Kh7 33. Qf5+ g6 34. Qd7+ Kg8 35. Rxd2 Re1+ 36. Kh2 Bxe5+ 37. g3 h5 38. Rc2 Bc3 39. Qd5+ Kg7 40. Qb7+ Kh6 41. Rf2 Re3 42. Qxa7 Rd3 43. Qa6 Be5 44. Qxd3 1-0


[Site "https://www.chess.com"]

[Event "Titled Tuesday Blitz July 18 Late 2023"]
[White "Rodriguez Fontecha, Marcos"]
[Black "Coelho, Ramyres Santana"]
[WhiteFideId "2256576"]
[BlackFideId "2120690"]
[WhiteElo "2479"]
[BlackElo "2284"]
[Result "1-0"]
[Round "2"]
[TimeControl "180+2"]
[Date "2023.07.18"]
[WhiteClock "0:01:38"]
[BlackClock "0:01:54"]
[Board "155"]

1. e4 c5 2. Nc3 Nc6 3. Bb5 e6 4. Bxc6 bxc6 5. d3 d5 6. f4 d4 7. Nce2 Ba6 8. b3 f5 9. e5 Ne7 10. Nf3 Nd5 11. O-O Ne3 12. Bxe3 dxe3 13. Qc1 Be7 14. Qxe3 O-O 15. Nd2 h6 16. Nc3 g5 17. Ne2 Rf7 18. Nc4 Bxc4 19. dxc4 Rg7 20. Rad1 Qf8 21. Rd7 gxf4 22. Qf3 Qe8 23. Rfd1 Qg6 24. Nxf4 Qg5 25. Nxe6 Qg6 26. Nxg7 Qxg7 27. Qxc6 Rf8 28. Qe6+ Rf7 29. Rxe7 1-0


[Site "https://www.chess.com"]

[Event "Titled Tuesday Blitz July 18 Late 2023"]
[White "Gertler, David"]
[Black "Bobkov, Vadim"]
[WhiteFideId "2017377"]
[BlackFideId "34110876"]
[WhiteElo "2283"]
[BlackElo "2477"]
[Result "1-0"]
[Round "2"]
[TimeControl "180+2"]
[Date "2023.07.18"]
[WhiteClock "0:01:29"]
[BlackClock "0:00:00"]
[Board "156"]

1. e4 c5 2. c3 g6 3. d4 cxd4 4. cxd4 d5 5. exd5 Nf6 6. Bb5+ Bd7 7. Bc4 Qa5+ 8. Nc3 b5 9. Bb3 b4 10. Nce2 Nxd5 11. Nf3 Bg7 12. O-O O-O 13. Ne5 Be6 14. Bd2 Qb6 15. Nc4 Qb7 16. Rc1 Nc6 17. Be3 Rfd8 18. Ba4 Rac8 19. Qd2 Nb6 20. Bxc6 Qxc6 21. Na5 Qb5 22. Nb7 Rd5 23. b3 Rxc1 24. Rxc1 a5 25. Nf4 Rd7 26. Nc5 1-0


[Site "https://www.chess.com"]

[Event "Titled Tuesday Blitz July 18 Late 2023"]
[White "Vaglio Munoz, Jaime"]
[Black "Horcajuelo Rocamora, Martin"]
[WhiteFideId "6500145"]
[BlackFideId "24573027"]
[WhiteElo "2277"]
[BlackElo "2474"]
[Result "1-0"]
[Round "2"]
[TimeControl "180+2"]
[Date "2023.07.18"]
[WhiteClock "0:01:54"]
[BlackClock "0:01:19"]
[Board "157"]

1. Nf3 Nf6 2. c4 g6 3. b3 Bg7 4. Bb2 O-O 5. g3 d6 6. d4 Nbd7 7. Bg2 c6 8. O-O Qc7 9. Nc3 e5 10. dxe5 dxe5 11. Ng5 h6 12. Nge4 Nxe4 13. Nxe4 f5 14. Qd6 Qd8 15. Nc5 Nxc5 16. Qxc5 Qe8 17. Rad1 e4 18. Bxg7 Kxg7 19. e3 Be6 20. Qe5+ Kg8 21. Rd6 Bf7 22. Qf6 Rd8 23. Rfd1 Rxd6 24. Rxd6 Qc8 25. h4 h5 26. c5 Re8 27. Bf1 Re6 28. Rd8+ 1-0


[Site "https://www.chess.com"]

[Event "Titled Tuesday Blitz July 18 Late 2023"]
[White "JERO-8914"]
[Black "Cooper, Aaron"]
[BlackFideId "2634945"]
[WhiteElo "2474"]
[BlackElo "2276"]
[Result "1-0"]
[Round "2"]
[TimeControl "180+2"]
[Date "2023.07.18"]
[WhiteClock "0:01:35"]
[BlackClock "0:00:04"]
[Board "158"]

1. e4 c5 2. c3 d5 3. exd5 Qxd5 4. d4 Nf6 5. Nf3 Bg4 6. Be2 e6 7. O-O cxd4 8. cxd4 Nc6 9. Nc3 Qf5 10. Be3 Rd8 11. Qb3 Bd6 12. Qxb7 Na5 13. Qxa7 O-O 14. d5 Bxf3 15. Bxf3 Nc4 16. dxe6 fxe6 17. Qa4 Ne5 18. Be4 Nxe4 19. Qxe4 Qh5 20. h3 Nf3+ 21. Kh1 Ng5 22. Qg4 Qxg4 23. hxg4 h6 24. Rad1 Be5 25. Rxd8 Rxd8 26. Rd1 Rb8 27. f4 Bxc3 28. bxc3 Ne4 29. c4 Rb2 30. c5 Rxa2 31. Rc1 Ra7 32. c6 Rc7 33. Bb6 Rc8 34. c7 Ng3+ 35. Kh2 Ne2 36. Rd1 Nxf4 37. Rd8+ 1-0


[Site "https://www.chess.com"]

[Event "Titled Tuesday Blitz July 18 Late 2023"]
[White "Zampronha, Wladimir Camilo"]
[Black "Van Foreest, Machteld"]
[WhiteFideId "2103087"]
[BlackFideId "1051563"]
[WhiteElo "2271"]
[BlackElo "2474"]
[Result "0-1"]
[Round "2"]
[TimeControl "180+2"]
[Date "2023.07.18"]
[WhiteClock "0:00:27"]
[BlackClock "0:00:43"]
[Board "159"]

1. e4 c5 2. Nf3 e6 3. d4 cxd4 4. Nxd4 Nf6 5. Nc3 Nc6 6. Nxc6 bxc6 7. e5 Nd5 8. Ne4 Qc7 9. f4 Qb6 10. c4 Bb4+ 11. Ke2 f5 12. exf6 Nxf6 13. Nxf6+ gxf6 14. Be3 Bc5 15. Bxc5 Qxc5 16. Kf3 Bb7 17. Qd2 Qh5+ 18. Kf2 c5 19. Qe3 Rg8 20. h3 Qh4+ 21. g3 Rxg3 22. Qxg3 Qxg3+ 23. Kxg3 Bxh1 24. Bd3 Bc6 25. Bxh7 f5 26. Bg6+ Ke7 27. h4 Kf6 28. h5 Rb8 29. b3 d5 30. cxd5 exd5 31. Rc1 Rb5 32. Kf2 d4 33. Ke2 Be4 34. Kd2 d3 35. Be8 Rb8 36. Bd7 Rd8 37. Bb5 Rg8 38. Rxc5 Rg2+ 39. Ke3 Re2+ 40. Kd4 Rc2 41. Bxd3 Rxc5 42. Kxc5 Bxd3 43. a4 Bc2 44. Kb4 Kg7 45. Kc3 Bd1 46. a5 Kh6 47. b4 Kxh5 48. Kd4 Kg4 49. Ke5 Be2 0-1


[Site "https://www.chess.com"]

[Event "Titled Tuesday Blitz July 18 Late 2023"]
[White "Toniutti, Ezio"]
[Black "Ward, Ieuan C"]
[WhiteFideId "113034"]
[BlackFideId "406627"]
[WhiteElo "2474"]
[BlackElo "2269"]
[Result "1-0"]
[Round "2"]
[TimeControl "180+2"]
[Date "2023.07.18"]
[WhiteClock "0:00:14"]
[BlackClock "0:00:00"]
[Board "160"]

1. d4 Nf6 2. c4 e6 3. g3 d5 4. Bg2 Be7 5. Nf3 O-O 6. O-O dxc4 7. Ne5 Nc6 8. Nxc6 bxc6 9. Na3 Ba6 10. Qa4 Qc8 11. Nxc4 Nd5 12. Ne5 c5 13. dxc5 Bxc5 14. Bd2 Bxe2 15. Rfc1 Bb6 16. Qe4 Ba6 17. a4 f5 18. Qh4 c5 19. a5 Bd8 20. Bg5 Bxg5 21. Qxg5 Rb8 22. Qd2 Nb4 23. Qd6 Rd8 24. Qxc5 Qxc5 25. Rxc5 Nd3 26. Nxd3 Rxd3 27. Rc7 Rxb2 28. Rxa7 Rd6 29. Rc1 Rb8 30. h4 h6 31. Rcc7 g5 32. Rg7+ Kf8 33. Raf7+ Ke8 34. hxg5 hxg5 35. Ra7 Kf8 36. Rxg5 Bd3 37. Rh5 Kg8 38. Rhh7 Rdd8 39. Rhg7+ Kf8 40. Raf7+ Ke8 41. Bc6+ 1-0


[Site "https://www.chess.com"]

[Event "Titled Tuesday Blitz July 18 Late 2023"]
[White "Petukhov, Dmitry"]
[Black "Broca Jimenez, Fernando"]
[WhiteFideId "4142748"]
[BlackFideId "5104742"]
[WhiteElo "2473"]
[BlackElo "2257"]
[Result "1-0"]
[Round "2"]
[TimeControl "180+2"]
[Date "2023.07.18"]
[WhiteClock "0:01:18"]
[BlackClock "0:00:12"]
[Board "162"]

1. e4 c5 2. c3 Nf6 3. e5 Nd5 4. d4 cxd4 5. Nf3 Nc6 6. Bc4 Nb6 7. Bb3 d5 8. exd6 Qxd6 9. O-O Be6 10. Bxe6 Qxe6 11. Nxd4 Nxd4 12. Qxd4 Rd8 13. Qh4 Qd5 14. Be3 e6 15. Qg3 Bd6 16. Qxg7 Be5 17. Qg5 Nc4 18. Nd2 Nxe3 19. Qxe3 Bxh2+ 20. Kxh2 Qxd2 21. Qxa7 Qd5 22. Qa4+ Kf8 23. Qb4+ Ke8 24. Qa4+ b5 25. Qh4 Rg8 26. f3 Rg5 27. Rad1 Rh5 28. Rxd5 Rxh4+ 29. Kg3 Rxd5 30. Kxh4 Rd2 31. Kg3 Rxb2 32. Rf2 Rxf2 33. Kxf2 Kd7 34. Ke3 Kd6 35. Kd4 f6 36. c4 bxc4 37. Kxc4 h5 38. Kb5 e5 39. a4 f5 40. a5 e4 41. fxe4 fxe4 42. Kc4 Kc6 43. Kd4 Kb5 44. Kxe4 Kxa5 45. Kf5 Kb5 46. Kg5 Kc5 47. Kxh5 Kd6 48. Kg6 Ke7 49. Kg7 Ke6 50. g4 Ke7 51. g5 Ke8 52. g6 Ke7 53. Kh7 Kf6 54. g7 Kf7 55. g8=Q+ Kf6 56. Qd5 1-0


[Site "https://www.chess.com"]

[Event "Titled Tuesday Blitz July 18 Late 2023"]
[White "rikchessmx"]
[Black "Roberson, Peter T"]
[BlackFideId "412384"]
[WhiteElo "2256"]
[BlackElo "2471"]
[Result "0-1"]
[Round "2"]
[TimeControl "180+2"]
[Date "2023.07.18"]
[WhiteClock "0:00:07"]
[BlackClock "0:00:17"]
[Board "163"]

1. e4 d6 2. d4 Nf6 3. Nc3 c6 4. f3 Qb6 5. Bc4 d5 6. exd5 cxd5 7. Bxd5 Nc6 8. Bxc6+ bxc6 9. Nge2 Ba6 10. b3 O-O-O 11. Na4 Qa5+ 12. Bd2 Qc7 13. c4 e5 14. d5 e4 15. O-O Bd6 16. g3 Rhe8 17. fxe4 Nxe4 18. Nf4 Bb7 19. Rc1 Kb8 20. c5 Be5 21. d6 Qd7 22. Ba5 Rc8 23. Qf3 f5 24. Nd3 Bd4+ 25. Kg2 Ba6 26. Rfd1 Ng5 27. Qf4 Bf6 28. Nb4 Bb5 29. Bc7+ Ka8 30. Nc3 Bxc3 31. Rxc3 Re2+ 32. Kh1 Ne4 33. Re3 Nf2+ 34. Kg2 Nd3+ 35. Rxe2 Nxf4+ 36. gxf4 Bxe2 37. Re1 Qe6 38. Kf2 Qe4 39. Nxc6 Qf3+ 40. Kg1 Bb5 41. d7 Qg4+ 42. Kf2 Qh4+ 43. Kg1 Qxe1+ 44. Kg2 Bxc6+ 45. Kh3 Bxd7 0-1


[Site "https://www.chess.com"]

[Event "Titled Tuesday Blitz July 18 Late 2023"]
[White "Michalczak, Thomas"]
[Black "Izuzquiza Gonzalez, Javier"]
[WhiteFideId "4622634"]
[BlackFideId "3101029"]
[WhiteElo "2468"]
[BlackElo "2253"]
[Result "1/2-1/2"]
[Round "2"]
[TimeControl "180+2"]
[Date "2023.07.18"]
[WhiteClock "0:00:03"]
[BlackClock "0:00:07"]
[Board "164"]

1. e4 c5 2. c3 Nf6 3. e5 Nd5 4. Nf3 e6 5. d4 cxd4 6. cxd4 d6 7. Bc4 Be7 8. O-O O-O 9. Qe2 Nc6 10. Rd1 Bd7 11. Bd2 Rc8 12. Nc3 Nxc3 13. Bxc3 dxe5 14. dxe5 Qc7 15. Bd3 Rfd8 16. Qe4 g6 17. Qf4 Be8 18. h4 h5 19. Ng5 Rd5 20. Bxg6 fxg6 21. Nxe6 Qd7 22. Rxd5 Qxd5 23. Ng5 Qd3 24. Ne4 Nd4 25. Ng3 Ne2+ 26. Nxe2 Qxe2 27. Re1 Qd3 28. e6 Qf5 29. Qh6 Bf6 30. Bxf6 Qxf6 31. e7 Rc7 32. Qe3 Kf7 33. Qb3+ Kg7 34. Qe3 Kf7 35. Qb3+ Kg7 36. Qb4 Rd7 37. a3 Kf7 38. Qb3+ Kg7 39. Qb4 a5 40. Qxa5 Rxe7 41. Rxe7+ Qxe7 42. Qc3+ Qf6 43. Qc7+ Qf7 44. Qc3+ Kh7 45. Qe3 Bc6 46. f3 Qd5 47. Qe7+ Kg8 48. Qd8+ Kg7 49. Qe7+ Qf7 50. Qe5+ Qf6 51. Qc7+ Qf7 52. Qe5+ Kh7 53. Qd4 Qe7 54. Kh2 Qc7+ 55. Kg1 Kg8 56. Qc4+ Qf7 57. Qd4 Qg7 58. Qd8+ Qf8 59. Qd4 Qe7 60. Qc3 Qe2 61. Qf6 Qd3 62. Kh2 Qf5 63. Qd8+ Kg7 64. Qc7+ Kh6 65. Qd8 Qf4+ 66. Kg1 Kg7 67. Qe7+ Qf7 68. Qe5+ 1/2-1/2


[Site "https://www.chess.com"]

[Event "Titled Tuesday Blitz July 18 Late 2023"]
[White "Bartel, Marta"]
[Black "Alboredo, Julia"]
[WhiteFideId "1123009"]
[BlackFideId "2124807"]
[WhiteElo "2252"]
[BlackElo "2468"]
[Result "1-0"]
[Round "2"]
[TimeControl "180+2"]
[Date "2023.07.18"]
[WhiteClock "0:00:08"]
[BlackClock "0:00:09"]
[Board "165"]

1. d4 Nf6 2. Nf3 g6 3. c4 Bg7 4. Nc3 d6 5. Bg5 O-O 6. e3 c5 7. d5 e6 8. Be2 exd5 9. cxd5 a6 10. a4 Bg4 11. Nd2 Bxe2 12. Qxe2 h6 13. Bh4 Qc7 14. O-O Nbd7 15. Nc4 Nb6 16. a5 Nxc4 17. Qxc4 Rfe8 18. h3 Nd7 19. Bg3 Ne5 20. Bxe5 Bxe5 21. Rfc1 Qe7 22. Rab1 Rac8 23. Na4 f5 24. Nb6 Rc7 25. Qd3 Bf6 26. Nc4 Kg7 27. b4 cxb4 28. Rxb4 Qe4 29. Qb1 Rec8 30. Rxb7 Qxd5 31. Rxc7+ Rxc7 32. Nb6 Rxc1+ 33. Qxc1 Qb7 34. Qc4 h5 35. g3 h4 36. gxh4 Kh6 37. Qg8 Bxh4 38. Qh8+ Qh7 39. Qf8+ Kh5 40. Qxd6 Qb7 41. Qf4 Qc6 42. Nc4 Qa4 43. Ne5 Qd1+ 44. Kg2 Qe2 45. Nf7 g5 46. Qxf5 Bxf2 47. Qh7# 1-0


[Site "https://www.chess.com"]

[Event "Titled Tuesday Blitz July 18 Late 2023"]
[White "WindWhistler11"]
[Black "Miguelitro69"]
[WhiteElo "2467"]
[BlackElo "2249"]
[Result "0-1"]
[Round "2"]
[TimeControl "180+2"]
[Date "2023.07.18"]
[WhiteClock "0:00:00"]
[BlackClock "0:00:09"]
[Board "166"]

1. Nf3 c5 2. g3 Nc6 3. Bg2 d5 4. d4 cxd4 5. Nxd4 e6 6. O-O Nf6 7. Nb3 Be7 8. N1d2 O-O 9. Nf3 e5 10. c3 Bg4 11. Be3 Qd7 12. Re1 Rad8 13. Bc5 Rfe8 14. Bxe7 Qxe7 15. Qc1 h6 16. h3 Bh5 17. Nh4 d4 18. cxd4 Nxd4 19. Nxd4 exd4 20. Nf5 Qe5 21. e4 Bg6 22. Nh4 Bxe4 23. Nf3 Qd5 24. Qf4 d3 25. Red1 Nh5 26. Qg4 Nf6 27. Qf4 Re6 28. Rd2 g5 29. Qe3 Bg6 30. Qxa7 Ne4 31. Rdd1 Qf5 32. g4 Qf6 33. Qa5 Ra6 34. Qb4 Rad6 35. Nd2 Qxf2+ 36. Kh1 Ng3+ 37. Kh2 Ne2 38. Nf1 Qf4+ 39. Kh1 Qxb4 0-1


[Site "https://www.chess.com"]

[Event "Titled Tuesday Blitz July 18 Late 2023"]
[White "Sos Andreu, Eric"]
[Black "Luxama, Jacques Muller"]
[WhiteFideId "22247017"]
[BlackFideId "11900113"]
[WhiteElo "2467"]
[BlackElo "2247"]
[Result "1-0"]
[Round "2"]
[TimeControl "180+2"]
[Date "2023.07.18"]
[WhiteClock "0:00:11"]
[BlackClock "0:00:00"]
[Board "167"]

1. d4 Nf6 2. c4 e6 3. g3 d5 4. Bg2 Bb4+ 5. Bd2 a5 6. Nf3 O-O 7. O-O dxc4 8. Qc2 b5 9. a4 Bxd2 10. Nfxd2 Nd5 11. axb5 Nd7 12. Nxc4 N7b6 13. Nxa5 Bd7 14. Nc3 Nxc3 15. bxc3 Bxb5 16. Bxa8 Qxa8 17. c4 Bd7 18. Nb3 Qc6 19. Nc5 Bc8 20. Rfc1 e5 21. e3 exd4 22. exd4 Qf6 23. d5 Bh3 24. Re1 h5 25. Qe4 g6 26. Nd3 Bf5 27. Qe5 Qd8 28. Nb2 Qg5 29. Qf4 Qf6 30. Qe5 Qg5 31. h4 Qg4 32. Qe2 Qh3 33. Ra5 Nd7 34. Qf1 Qg4 35. c5 Nf6 36. Ra4 Ne4 37. Qg2 Re8 38. f3 Qxg3 39. Qxg3 Nxg3 40. Rxe8+ 1-0


[Site "https://www.chess.com"]

[Event "Titled Tuesday Blitz July 18 Late 2023"]
[White "Cardozo Munar, Carlos Eduardo"]
[Black "szachmistrz2500"]
[WhiteFideId "4409477"]
[WhiteElo "2246"]
[BlackElo "2467"]
[Result "0-1"]
[Round "2"]
[TimeControl "180+2"]
[Date "2023.07.18"]
[WhiteClock "0:00:00"]
[BlackClock "0:01:21"]
[Board "168"]

1. d4 Nf6 2. Bg5 e6 3. e4 h6 4. Bxf6 Qxf6 5. c3 d6 6. Nd2 e5 7. Ngf3 Nc6 8. Bb5 Bd7 9. d5 Nb8 10. Bxd7+ Nxd7 11. O-O g5 12. Qb3 Rb8 13. Ne1 Bg7 14. a4 O-O 15. Qc2 Qg6 16. b4 f5 17. exf5 Rxf5 18. g4 Rf6 19. Qxg6 Rxg6 20. f3 Rf6 21. Ne4 Rf7 22. c4 Nf6 23. Nd3 Rbf8 24. Nxf6+ Rxf6 25. Ne1 e4 26. Ra3 Rf4 27. Ng2 Bd4+ 28. Kh1 Rxf3 29. Raxf3 Rxf3 30. Re1 Rb3 31. Rxe4 Be5 32. c5 Rb1+ 33. Ne1 Bc3 34. cxd6 cxd6 35. Rc4 Bxe1 36. Kg2 Bxb4 37. Rc7 Bc5 38. Kf3 Rb4 39. h3 a5 40. Ke2 b6 0-1


[Site "https://www.chess.com"]

[Event "Titled Tuesday Blitz July 18 Late 2023"]
[White "Rama, Tejas"]
[Black "De Souza, Cristiano Gomes"]
[WhiteFideId "30907381"]
[BlackFideId "2151758"]
[WhiteElo "2465"]
[BlackElo "2237"]
[Result "1-0"]
[Round "2"]
[TimeControl "180+2"]
[Date "2023.07.18"]
[WhiteClock "0:00:40"]
[BlackClock "0:01:30"]
[Board "169"]

1. d4 Nf6 2. c4 g6 3. Nf3 d6 4. Nc3 Bg7 5. e4 O-O 6. Be2 e5 7. Be3 Ng4 8. Bg5 f6 9. Bc1 Nd7 10. O-O Nh6 11. b4 f5 12. Bg5 Nf6 13. dxe5 dxe5 14. Qxd8 Rxd8 15. Nd5 Rxd5 16. exd5 e4 17. Nd2 Nf7 18. Bf4 c6 19. dxc6 bxc6 20. Rad1 Be6 21. Nb3 g5 22. Nc5 Bc8 23. Bc7 f4 24. b5 g4 25. Bxf4 1-0


[Site "https://www.chess.com"]

[Event "Titled Tuesday Blitz July 18 Late 2023"]
[White "Schachpanda_Youtube"]
[Black "Bochnicka, Vladimir"]
[BlackFideId "14943450"]
[WhiteElo "2234"]
[BlackElo "2463"]
[Result "0-1"]
[Round "2"]
[TimeControl "180+2"]
[Date "2023.07.18"]
[WhiteClock "0:00:00"]
[BlackClock "0:01:07"]
[Board "170"]

1. e4 e5 2. Nc3 Nf6 3. d4 exd4 4. Qxd4 Nc6 5. Qd3 d6 6. Bg5 Be7 7. O-O-O O-O 8. f4 a6 9. Nf3 b5 10. Kb1 Nb4 11. Qd2 Bb7 12. Bd3 c5 13. e5 dxe5 14. fxe5 Nfd5 15. Nxd5 Bxd5 16. Bxe7 Bxa2+ 17. Ka1 Qxe7 18. c3 Nxd3 19. Qxd3 Bb3 20. Rde1 Rfd8 21. Qf5 Qc7 22. Kb1 Qa5 23. Ng5 g6 24. Qe4 b4 25. e6 fxe6 26. cxb4 cxb4 27. Nxe6 Qa2+ 28. Kc1 Rac8+ 0-1


[Site "https://www.chess.com"]

[Event "Titled Tuesday Blitz July 18 Late 2023"]
[White "ChessSG1"]
[Black "NigelDwarf"]
[WhiteElo "2233"]
[BlackElo "2462"]
[Result "0-1"]
[Round "2"]
[TimeControl "180+2"]
[Date "2023.07.18"]
[WhiteClock "0:00:00"]
[BlackClock "0:00:48"]
[Board "171"]

1. c4 Nf6 2. g3 g6 3. Bg2 Bg7 4. Nc3 O-O 5. e4 d6 6. Nge2 c5 7. d3 Nc6 8. O-O Ne8 9. Be3 a6 10. d4 cxd4 11. Nxd4 Nc7 12. Nde2 Be6 13. b3 b5 14. e5 Nxe5 15. cxb5 axb5 16. Nd4 b4 17. Nxe6 Nxe6 18. Bxa8 Qxa8 19. Nd5 Kh8 20. Rc1 g5 21. f4 gxf4 22. Nb6 Qe4 23. Bxf4 Nxf4 24. Rxf4 Qe3+ 25. Kh1 Qxb6 26. Qd5 Bh6 27. Rcf1 Bxf4 28. gxf4 e6 29. Qe4 f5 30. Qg2 Rg8 0-1


[Site "https://www.chess.com"]

[Event "Titled Tuesday Blitz July 18 Late 2023"]
[White "Deviprasath, Sharvesh"]
[Black "Sarkar, Justin"]
[WhiteFideId "30938228"]
[BlackFideId "2010011"]
[WhiteElo "2459"]
[BlackElo "2232"]
[Result "0-1"]
[Round "2"]
[TimeControl "180+2"]
[Date "2023.07.18"]
[WhiteClock "0:00:45"]
[BlackClock "0:00:16"]
[Board "172"]

1. Nf3 d5 2. b3 c5 3. Bb2 f6 4. Nc3 d4 5. Ne4 e5 6. e3 Nc6 7. Bb5 Bd7 8. d3 Nh6 9. Nh4 Qa5+ 10. Kf1 Qxb5 11. Qh5+ Nf7 12. a4 Qb6 13. Bc1 Be7 14. Bd2 g6 15. Qf3 f5 16. a5 Qc7 17. Nxc5 Bxc5 18. Qd5 Qd6 19. Qc4 Be6 20. Qb5 a6 21. Qa4 O-O 22. h3 Bb4 23. Bc1 e4 24. dxe4 fxe4 25. exd4 Qxd4 26. Be3 Qc3 27. g4 Nfe5 28. Ng2 Bc5 29. Qxe4 Bxe3 30. Nxe3 Qxa1+ 31. Kg2 Qd4 32. Qxd4 Nxd4 33. Rd1 Ndf3 34. Rd6 Rfe8 35. g5 Rad8 36. h4 Rxd6 37. Nf5 Bxf5 38. Kg3 Rd2 39. Kf4 Red8 40. c4 R8d4+ 41. Ke3 Re4# 0-1


[Site "https://www.chess.com"]

[Event "Titled Tuesday Blitz July 18 Late 2023"]
[White "Kuchava, Ana"]
[Black "Karas, Marek"]
[WhiteFideId "13605348"]
[BlackFideId "14928558"]
[WhiteElo "2231"]
[BlackElo "2458"]
[Result "0-1"]
[Round "2"]
[TimeControl "180+2"]
[Date "2023.07.18"]
[WhiteClock "0:00:00"]
[BlackClock "0:01:43"]
[Board "173"]

1. d4 Nf6 2. Nf3 g6 3. c4 Bg7 4. Nc3 O-O 5. e4 d6 6. Be2 Bg4 7. O-O Nfd7 8. Be3 Nc6 9. d5 Bxf3 10. Bxf3 Na5 11. Be2 Bxc3 12. bxc3 e5 13. dxe6 fxe6 14. Qa4 b6 15. Rad1 Qe7 16. c5 Nxc5 17. Bxc5 dxc5 18. Rd7 Qf6 19. Rxc7 Rf7 20. Rxf7 Kxf7 21. Qd7+ Qe7 22. Rd1 Re8 23. Bb5 Qxd7 24. Rxd7+ Re7 25. Rd8 Nb7 26. Ra8 Nd6 27. Bd3 c4 28. Bc2 Nb5 29. Kf1 Nxc3 30. a3 Nb5 31. a4 Nd4 32. Bd1 Rc7 33. Rd8 e5 34. Ke1 c3 0-1


[Site "https://www.chess.com"]

[Event "Titled Tuesday Blitz July 18 Late 2023"]
[White "Kalaiyalahan, Akshaya"]
[Black "Marra, Eduardo da Costa"]
[WhiteFideId "422894"]
[BlackFideId "2106990"]
[WhiteElo "2228"]
[BlackElo "2456"]
[Result "1-0"]
[Round "2"]
[TimeControl "180+2"]
[Date "2023.07.18"]
[WhiteClock "0:00:08"]
[BlackClock "0:00:57"]
[Board "174"]

1. b3 e5 2. Bb2 d6 3. e3 Nc6 4. d4 exd4 5. exd4 Nf6 6. d5 Ne5 7. c4 g6 8. Qe2 Bg7 9. Nf3 O-O 10. Nxe5 dxe5 11. Nd2 a5 12. Qd1 a4 13. Be2 a3 14. Bc3 Re8 15. O-O Bf5 16. Nf3 Ne4 17. Bb4 b6 18. Bd3 Nxf2 19. Rxf2 e4 20. Bxe4 Bxe4 21. Rc1 Bb2 22. Bc3 Qd6 23. Bxb2 axb2 24. Rxb2 Qc5+ 25. Qd4 Qb4 26. Ng5 Bf5 27. Rf1 Re1 28. Rf2 Rxf1+ 29. Rxf1 Rxa2 30. Qf6 Qc5+ 31. Kh1 Qf8 32. g4 Bxg4 33. Nxf7 Bf5 34. Rxf5 gxf5 35. Nh6+ Qxh6 36. Qxh6 Ra1+ 37. Kg2 Ra2+ 38. Kf3 Rb2 39. Qg5+ Kf7 40. Qxf5+ Kg7 41. Qd7+ Kf8 42. Qxc7 Rxb3+ 43. Ke4 Rb4 44. Kd4 Ke8 45. Qxh7 Kd8 46. Qg8+ Kc7 47. Qf7+ Kb8 48. Qf8+ Kb7 49. Qxb4 Ka6 50. Qxb6+ 1-0


[Site "https://www.chess.com"]